 Seeded DCSS version 0.28-a0-620-g539b0f7 (webtiles) character file.

Game seed: 6610648871044045280 (custom seed)

5201 Illumine the Thaumaturge (level 10, 0/73 HPs)
             Began as a Djinni Wanderer on Oct 5, 2021.
             Was a Priest of Makhleb.
             Slain by an orc warlord (20 damage)
             ... in a bailey on Oct 6, 2021.
             The game lasted 00:34:29 (13767 turns).

Illumine the Thaumaturge (Djinni Wanderer)         Turns: 13767, Time: 00:34:30

Health: 0/73       AC:  8    Str: 10    XL:     10   Next: 91%
Gold:   632        EV: 13    Int: 25    God:    Makhleb [***...] SH:  5 Dex: 12

rFire   + + .      SeeInvis .   J - staff of air
rCold   x . .      Faith    .   (no shield)
rNeg    + . .      Spirit   .   G - +2 leather armour of Makhleb's Respect {rN+}
rPois   ∞          Reflect  +   (no helmet)
rElec   +          Harm     .   K - +1 cloak
rCorr   +          Rampage  .   C - +0 pair of gloves
Will    +....                   (boots unavailable)
Stlth   +.........              f - amulet of reflection
HPRegen 0.22/turn               y - +6 ring of intelligence
MPRegen 0.00/turn               D - ring of resist corrosion

@: flying
A: sickness immunity, fire resistance 2, cold vulnerability 1, float, innate
caster, hp casting, extra vitality 1
a: Renounce Religion, Minor Destruction, Lesser Servant of Makhleb


You were in a bailey.
You worshipped Makhleb.
Makhleb was most pleased with you.
You visited 2 branches of the dungeon, and saw 10 of its levels.
You also visited: Sewer and Bailey.

You collected 632 gold pieces.

Inventory:

Hand Weapons
 a - a +0 quarterstaff
 c - a +0 dagger
 e - a +0 hunting sling
 E - a +0 short sword of electrocution
Missiles
 b - 37 poisoned darts (quivered)
 h - 2 throwing nets
 i - 6 boomerangs of dispersal
 L - a curare-tipped dart
Armour
 C - a +0 pair of gloves (worn)
 G - the +2 leather armour of Makhleb's Respect (worn) {rN+}
   (You found it on level 6 of the Dungeon)

   rN:        It protects you from negative energy.
 K - a +1 cloak (worn)
Magical Staves
 J - a staff of air (weapon)
Jewellery
 f - an amulet of reflection (around neck)
 l - a +6 ring of dexterity
 y - a +6 ring of intelligence (left hand)
 D - a ring of resist corrosion (right hand)
 I - an amulet of faith
Wands
 d - a wand of mindburst (25)
 o - a wand of iceblast (24)
Scrolls
 j - 3 scrolls of enchant armour
 k - 3 scrolls of noise
 m - 4 scrolls of fog
 t - 3 scrolls of magic mapping
 u - 2 scrolls of enchant weapon {unknown}
 v - 2 scrolls of summoning
 w - 2 scrolls of fear {unknown}
 A - 2 scrolls of vulnerability {unknown}
 B - 2 scrolls of silence {unknown}
 H - a scroll of immolation {unknown}
Potions
 g - a potion of mutation {unknown}
 n - a potion of haste {unknown}
 p - 2 potions of heal wounds
 r - 2 potions of cancellation
 s - 3 potions of might
 x - 4 potions of brilliance
 z - 4 potions of curing {unknown}
 F - a potion of flight {unknown}


   Skills:
 + Level 6.8 Fighting
 - Level 3.1 Short Blades
 + Level 3.8 Staves
 - Level 1.0 Throwing
 - Level 3.0 Armour
 + Level 5.9 Dodging
 - Level 1.0 Stealth
 - Level 1.0 Shields
 * Level 8.0 Spellcasting
 + Level 4.3 Invocations
 + Level 2.7 Evocations


You had 4 spell levels left.
You knew the following spells:

 Your Spells              Type           Power      Damage    Failure   Level
a - Magic Dart            Conj           100%       1d8       1%          1
b - Blink                 Tloc           N/A        N/A       1%          2
c - Call Imp              Summ           50%        N/A       1%          2
d - Slow                  Hex            50%        N/A       1%          2
e - Conjure Flame         Conj/Fire      50%        6-21      1%          3
f - Mephitic Cloud        Conj/Pois/Air  66%        N/A       1%          3
g - Shock                 Conj/Air       100%       1d9       1%          1
h - Ensorcelled Hibernat  Hex/Ice        100%       N/A       1%          2
i - Poisonous Vapours     Pois/Air       100%       N/A       1%          2
j - Dazzling Flash        Conj/Hex       100%       N/A       1%          3

Your spell library contained the following spells:

 Spells                   Type           Power      Damage    Failure   Level


Dungeon Overview and Level Annotations

Branches:
Dungeon (9/15)             Temple (1/1) D:4           Sewer (visited)
 Bailey (1/1)
   Lair: D:8-11         Orc: D:9-12

Altars:
Cheibriados
Dithmenos
Fedhas
Gozag
Hepliaklqana
Makhleb
Nemelex Xobeh
Okawaru
Qazlal
Ru
Sif Muna
Trog
Vehumet
Wu Jian
Xom
Yredelemnul
Zin
The Shining One

Shops:
D:1 *

Annotations:
D:3 3 runed translucent doors, Liam3024's ghost, amateur DjWn
D:6 2 transporters


Innate Abilities, Weirdness & Mutations

You are immune to sickness and miasma.
You are immune to poison.
Your flesh is very heat resistant. (rF++)
You are vulnerable to cold. (rC-)
You float through the air rather than walking.
You learn spells naturally, not from books.
Your magical power is your life essence.
You have superior vitality. (+4 HP)


Message History

* * * LOW HITPOINT WARNING * * *
The orc warlord hits your neqoxec with a +0 battleaxe!
Unknown command.
The orc warlord is engulfed in noxious fumes.
You feel much better.
The orc warlord hits you with a +0 battleaxe!!
* * * LOW HITPOINT WARNING * * *
The orc warlord misses your neqoxec.
You feel much better.
The orc no longer looks unusually strong.
Your neqoxec gestures at the orc warlord.
The orc warlord twists and deforms.
The orc warlord roars a battlecry!
The orc goes into a battle-frenzy!
Okay, then.
Casting: Shock (safe; 1% risk of failure)
Confirm with . or Enter, or press ? or * to list all spells.
Okay, then.
Casting: Shock (safe; 1% risk of failure)
Confirm with . or Enter, or press ? or * to list all spells.
Aiming: Mephitic Cloud (safe; 1% risk of failure)
Press: ? - help, Shift-Dir - straight line, f - you, p - orc warlord You feel a surge of power!
The ball explodes into a vile cloud!
The stinking cloud engulfs you but does no damage.
The stinking cloud engulfs the goblin but does no damage.
The stinking cloud engulfs the orc warlord but does no damage.
The orc warlord is lightly wounded.
Your neqoxec hits the orc warlord!
The orc warlord hits you with a +0 battleaxe!
* * * LOW HITPOINT WARNING * * *
The orc warlord hits your neqoxec with a +0 battleaxe!
The goblin is engulfed in noxious fumes.
The goblin appears confused.
The goblin misses you.
Unknown command.
You hit the goblin.
The goblin is severely wounded.
Your neqoxec gestures at the orc warlord.
The orc warlord twists and deforms.
The orc warlord hits you with a +0 battleaxe!!
You die...

......).....#.. .....≈≈'...#
∩.∩...'.....#.. ∩....≈≈')..#
.))..((.....#o. .....≈o'...#
♣.....#(...##8. ..8.8≈##g..#
♣....##....#≈!. .....≈#....##
♣...##.....# |. .≈#≈≈#.....##
♣≈≈##......## ≈≈####......##
♣≈≈#........#########g.....8...#
♣≈≈#..8..8....'g@o3.○o.........#
♣≈≈#..........#≈§≈≈°#..........#
##.........#≈≈≈≈≈#...8..8..##
##...8...##≈≈≈≈≈##.......##
##.....##....(..##.....##
##...##.........##...##
#####♣♣♣.....♣♣♣##### ♣♣♣∩♣♣♣


You could see an orc warlord (misshapen, ally target), an orc (strong), a
hobgoblin, a goblin (confused) and a friendly neqoxec (summoned).

Vanquished Creatures
  6 slime creatures
  4 yaks (D:6)
  2 steam dragons (D:8)
  A water moccasin (D:8)
  2 ice beasts
  6 orc warriors
  A sky beast (D:6)
  A black bear (D:5)
  3 ogres
  2 centaurs (D:8)
  A phantom (D:5)
  3 bullfrogs
  2 kobold brigands
  2 scorpions
  A howler monkey (D:9)
  A wight (D:5)
  An electric eel (D:8)
  4 bullfrog zombies
  A centaur skeleton (D:4)
  2 jellies (D:6)
  3 orc priests
  A gnoll shaman (D:8)
  A bullfrog skeleton (D:7)
  3 iguanas
  5 orc wizards
  A killer bee zombie (D:7)
  A hound zombie (D:4)
  2 hound skeletons
  3 howler monkey zombies
  16 gnolls
  9 adders
  8 river rats
  A white imp (D:7)
  2 adder skeletons (D:4)
  2 adder zombies (D:4)
  A worm (D:5)
  3 dart slugs
  23 orcs
  11 endoplasms
  2 giant cockroaches
  12 goblins
  7 hobgoblins
  26 kobolds
  5 quokkas
  18 ball pythons
  4 bats
  3 frilled lizards
  A quokka zombie (D:4)
  30 rats
250 creatures vanquished.

Vanquished Creatures (collateral kills)
  A bullfrog (Sewer)
  A centaur skeleton (D:4)
  A worm (D:3)
  An orc (D:3)
  A goblin (D:2)
  2 kobolds
7 creatures vanquished.

Vanquished Creatures (others)
  28 plants (D:8)
28 creatures vanquished.

Grand Total: 285 creatures vanquished

Notes
Turn   | Place    | Note
-------+----------+-------------------------------------------
     0 | D:1      | Illumine the Djinni Wanderer began the quest for the Orb.
     0 | D:1      | Reached XP level 1. HP: 17/17 MP: 0/0
   255 | D:1      | Reached XP level 2. HP: 11/22 MP: 0/0
   990 | D:1      | Found a faded altar of an unknown god.
  1095 | D:1      | Reached XP level 3. HP: 25/27 MP: 0/0
  1095 | D:1      | Learned a level 1 spell: Shock
  1135 | D:1      | Reached skill level 3 in Spellcasting
  1281 | D:1      | Found Jelishrick's General Store.
  2088 | D:2      | Reached XP level 4. HP: 30/33 MP: 0/0
  2368 | D:3      | Found a runed translucent gate.
  2516 | D:3      | Found a runed translucent gate.
  2521 | D:3      | Found a runed translucent gate.
  2552 | D:3      | Noticed Liam3024's ghost (amateur DjWn)
  2936 | D:3      | Found a glowing drain.
  2946 | Sewer    | Entered a sewer
  3058 | Sewer    | Reached XP level 5. HP: 31/39 MP: 0/0
  3058 | Sewer    | Learned a level 2 spell: Ensorcelled Hibernation
  3439 | Sewer    | Reached skill level 4 in Spellcasting
  3742 | Sewer    | Reached XP level 6. HP: 42/46 MP: 0/0
  3799 | Sewer    | HP: 1/46 [ball python (2)]
  4524 | D:3      | Reached XP level 7. HP: 46/51 MP: 0/0
  4524 | D:3      | Learned a level 2 spell: Poisonous Vapours
  5077 | D:4      | Reached skill level 5 in Spellcasting
  5193 | D:4      | Found a staircase to the Ecumenical Temple.
  5199 | Temple   | Entered the Ecumenical Temple
  5303 | Temple   | Became a worshipper of Makhleb the Destroyer
  5369 | D:4      | Reached skill level 1 in Dodging
  6287 | D:5      | Entered Level 5 of the Dungeon
  6308 | D:5      | Reached XP level 8. HP: 42/58 MP: 0/0
  6476 | D:5      | Reached skill level 1 in Invocations
  7207 | D:5      | Reached skill level 6 in Spellcasting
  7587 | D:5      | Reached skill level 1 in Short Blades
  7791 | D:6      | Reached skill level 5 in Fighting
  7874 | D:6      | Found a sacrificial altar of Ru.
  7927 | D:6      | Identified the +2 leather armour of Makhleb's Respect {rN+}
  7965 | D:6      | Reached XP level 9. HP: 60/65 MP: 0/0
  7965 | D:6      | Learned a level 3 spell: Dazzling Flash
  7968 | D:6      | Reached * piety under Makhleb
  8131 | D:6      | Upgraded the game from 0.28-a0-612-gcfc00ec to
                  | 0.28-a0-616-gdeb3d7f
  8227 | D:6      | Found a transporter.
  8251 | D:6      | Found a transporter.
  8692 | D:7      | Reached skill level 1 in Armour
  8819 | D:7      | Noticed a slime creature
  8819 | D:7      | Noticed a slime creature
  8819 | D:7      | Noticed a slime creature
  8841 | D:6      | Killed a slime creature
  9314 | D:6      | Upgraded the game from 0.28-a0-616-gdeb3d7f to
                  | 0.28-a0-617-g4e51291
  9760 | D:7      | Killed a slime creature
  9761 | D:7      | Reached skill level 7 in Spellcasting
  9972 | D:7      | Killed a slime creature
  9973 | D:7      | Reached XP level 10. HP: 33/72 MP: 0/0
 10183 | D:7      | Reached skill level 5 in Dodging
 10645 | D:7      | Reached skill level 1 in Evocations
 11528 | D:7      | Found a basalt altar of Yredelemnul.
 11543 | D:7      | Found a snail-covered altar of Cheibriados.
 11790 | D:7      | Upgraded the game from 0.28-a0-617-g4e51291 to
                  | 0.28-a0-620-g539b0f7
 11819 | D:8      | Reached ** piety under Makhleb
 12269 | D:8      | Found a sparkling altar of Nemelex Xobeh.
 13300 | D:9      | Found a flagged portal.
 13352 | Bailey   | Entered a bailey
 13602 | Bailey   | Noticed an orc warlord
 13635 | Bailey   | Reached *** piety under Makhleb
 13684 | Bailey   | Found a runed translucent gate.
 13686 | Bailey   | Found a runed translucent gate.
 13688 | Bailey   | Found a runed translucent gate.
 13736 | Bailey   | Reached skill level 8 in Spellcasting
 13767 | Bailey   | Slain by an orc warlord

Illustrated notes

Levels and vault maps discovered:
D:1:      lightli_arrival_noodles, layout_rooms,
          shapermc_ecumenical_altar_petra, serial_shops, shop,
          minmay_close_crescents
D:2:      layout_basic, grunt_ministairs_14, minmay_pentomino_v4
D:3:      layout_basic, portal_sewer_entry_e, gammafunk_ghost_icy,
          kennysheep_generic_room_14
D:4:      layout_gridville, minmay_temple_entry_waves, serial_undead,
          serial_undead_e, serial_undead_f, serial_undead_e, serial_undead_a,
          serial_undead_d, serial_undead_f
D:5:      cheibrodos_two_vegetables, layout_basic
D:6:      gammafunk_steamed_eel, layout_loops_ring, overflow_temple_1_default
D:7:      layout_cave_pools, mainiacjoe_overflow_big_doors, minmay_misc_feat_x,
          minmay_misc_feat_rows, st_stairs_8
D:8:      layout_loops_cross, general_overflow_altar, grunt_ministairs_3,
          serial_bayou_lagoon_a
D:9:      layout_roguey, old_standard_altar, enter_bailey_5
Temple:   eino_temple_water
Bailey:   bailey_axe_bossmonster_kennysheep, bailey

Skill      XL: |  1  2  3  4  5  6  7  8  9 10 |
---------------+-------------------------------+-----
Spellcasting   | 3 4 5 6 7 8 |  8.0
Fighting       | 2 3 4 5 6 |  6.8
Dodging        | 2 3 4 5 |  5.9
Invocations    | 2 3 4 |  4.3
Short Blades   | 1 3 |  3.1
Armour         | 3 |  3.0
Staves         | 3 |  3.8
Evocations     | 2 |  2.7
Throwing       | |  1.0
Stealth        | |  1.0
Shields        | |  1.0

Action                   |  1- 3 |  4- 6 |  7- 9 | 10-12 || total
-------------------------+-------+-------+-------+-------++-------
Melee: Quarterstaff      |     1 |       |       |       ||     1
       Short sword       |     2 |    20 |    56 |       ||    78
       Staff             |       |       |       |    34 ||    34
 Cast: Magic Dart        |    79 |    18 |    10 |       ||   107
       Call Imp          |     4 |    12 |     6 |       ||    22
       Shock             |       |    94 |   239 |   157 ||   490
       Ensorcelled Hiber |       |     3 |     2 |     3 ||     8
       Mephitic Cloud    |       |     1 |     5 |    11 ||    17
       Poisonous Vapours |       |       |    19 |    62 ||    81
       Blink             |       |       |       |     2 ||     2
Invok: Lesser Servant of |       |       |       |     1 ||     1
Evoke: Wand              |       |     3 |       |       ||     3
  Use: Scroll            |       |     1 |       |     9 ||    10
       Potion            |       |       |       |     3 ||     3
 Stab: Sleeping          |       |     1 |     3 |       ||     4
       Confused          |       |       |     4 |     3 ||     7
Armor: Robe              |     2 |     6 |    28 |       ||    36
       Leather armour    |       |       |    10 |    33 ||    43
Dodge: Dodged            |     6 |    29 |    88 |    80 ||   203
Block: Other             |     1 |    15 |    31 |    32 ||    79
       Reflection        |     1 |       |       |     9 ||    10

Table legend: (Time is in decaauts)
 A = Elapsed time spent in this place.
 B = Non-inter-level travel time spent in this place.
 C = Inter-level travel time spent in this place.
 D = Time resting spent in this place.
 E = Time spent auto-exploring this place.
 F = Levels seen in this place.
 G = Mean time per level.
                   A        B        C        D        E       F      G
               +--------+--------+--------+--------+--------+-----+--------+
         Total |  13783 |  13449 |    334 |   5266 |   5704 |  12 | 1148.6 |
       Dungeon |  12014 |  11696 |    318 |   4205 |   5469 |   9 | 1334.9 |
        Temple |    121 |    105 |     16 |      0 |     86 |   1 |  121.0 |
         Sewer |   1232 |   1232 |      0 |    834 |    146 |   1 | 1232.0 |
        Bailey |    414 |    414 |      0 |    227 |      3 |   1 |  414.0 |
               +--------+--------+--------+--------+--------+-----+--------+

Top non-repeatable levels by time:
     D:6: 2412 daAuts
     D:5: 1581 daAuts
     D:7: 1515 daAuts
     D:8: 1388 daAuts
     D:4: 1387 daAuts
     D:1: 1323 daAuts
   Sewer: 1232 daAuts
     D:3: 1180 daAuts
     D:2: 1044 daAuts
  Bailey: 414 daAuts
     D:9: 180 daAuts
  Temple: 121 daAuts
